 Dungeon Crawl Stone Soup version 0.24.0-13-gcf9b3192b9 (webtiles) character file.

Game seed: 11411016234373600288, levelgen mode: deterministic

4708 Bram the Slicer (level 10, -4/56 HPs)
             Began as a Kobold Ice Elementalist on Nov 7, 2019.
             Was a Believer of Kikubaaqudgha.
             Slain by an orc warrior
             ... wielding a +0 glaive
              (20 damage)
             ... on level 9 of the Dungeon.
             The game lasted 00:32:52 (14703 turns).

Bram the Slicer (Kobold Ice Elementalist)          Turns: 14703, Time: 00:32:53

Health: -4/56      AC:  5    Str:  5    XL:     10   Next: 73%
Magic:  6/13       EV: 17    Int: 19    God:    Kikubaaqudgha [**....]
Gold:   324        SH:  0    Dex: 17    Spells: 3/13 levels left

rFire    + . .     SeeInvis .   u - +3 short sword (venom)
rCold    . . .     Gourm    .   (shield restricted)
rNeg     . . .     Faith    .   s - +0 leather armour
rPois    .         Spirit   .   q - +0 helmet
rElec    .         Reflect  .   K - +0 cloak
rCorr    +         Harm     .   L - -1 pair of gloves
MR       .....                  (no boots)
Stlth    ++........             (no amulet)
HPRegen  0.18/turn              E - ring of protection from fire
MPRegen  0.13/turn              I - ring of resist corrosion

@: very slightly contaminated
A: small, carnivore
a: Receive Corpses, Renounce Religion


You were on level 9 of the Dungeon.
You worshipped Kikubaaqudgha.
Kikubaaqudgha was pleased with you.
You were full.

You visited 2 branches of the dungeon, and saw 10 of its levels.

You collected 412 gold pieces.
You spent 88 gold pieces at shops.

Inventory:

Hand Weapons
 i - a +0 dagger
 u - a +3 short sword of venom (weapon)
 y - a +0 rapier
 N - a +2 dagger of draining
Missiles
 b - 159 stones
 h - 35 poisoned darts (quivered)
 o - 5 javelins
 r - 139 arrows
Armour
 a - a +0 robe
 n - a +0 robe
 q - a +0 helmet (worn)
 s - a +0 leather armour (worn)
 v - a +0 ring mail
 K - a +0 cloak (worn)
 L - a -1 pair of gloves (worn)
 O - a +0 robe of magic resistance
Jewellery
 E - a ring of protection from fire (left hand)
 I - a ring of resist corrosion (right hand)
Wands
 B - a wand of polymorph (14)
 D - a wand of iceblast (4)
 H - a wand of random effects (12)
Scrolls
 e - 4 scrolls of remove curse
 f - 8 scrolls of teleportation
 k - 2 scrolls of amnesia {unknown}
 l - 2 scrolls of fog {unknown}
 p - 2 scrolls of enchant armour {unknown}
 t - a scroll of enchant weapon {unknown}
 w - 3 scrolls of magic mapping {unknown}
 z - a scroll of identify
Potions
 d - 2 potions of cancellation
 j - a potion of curing
 m - 2 potions of agility
 x - a potion of berserk rage
 A - a potion of resistance
 C - a potion of mutation
 F - a potion of haste
 G - a potion of flight
 J - 2 potions of might
Comestibles
 c - 21 rations


   Skills:
 - Level 4.0 Fighting
 - Level 12.0 Short Blades
 + Level 6.1 Dodging
 - Level 2.6 Stealth
 - Level 2.1 Spellcasting
 - Level 1.0 Conjurations
 + Level 7.6 Summonings
 + Level 6.9 Ice Magic


You had 3 spell levels left.
You knew the following spells:

 Your Spells              Type           Power        Failure   Level  Hunger
a - Freeze                Ice            ####         1%          1    #......
b - Throw Frost           Conj/Ice       ###...       9%          2    ##.....
c - Ozocubu's Armour      Chrm/Ice       ###.....     21%         3    ###....
d - Summon Ice Beast      Ice/Summ       ####....     14%         4    #####..

Your spell library contained the following spells:

 Spells                   Type           Power        Failure   Level  Hunger
 Recall                   Summ/Tloc      N/A          17%         3    ###....
 Shock                    Conj/Air       #...         22%         1    #......
 Corona                   Hex            #......      28%         1    #......
 Pain                     Necr           #...         28%         1    #......
 Corpse Rot               Necr           N/A          38%         2    ##.....
 Slow                     Hex            #.......     38%         2    ##.....
 Sublimation of Blood     Necr           #.........   38%         2    ##.....
 Swiftness                Chrm/Air       #.......     38%         2    ##.....
 Static Discharge         Conj/Air       #.......     56%         3    ###....
 Inner Flame              Hex/Fire       #.......     63%         3    ###....
 Portal Projectile        Hex/Tloc       #.....       63%         3    ###....
 Vampiric Draining        Necr           #.........   63%         3    ###....
 Throw Icicle             Conj/Ice       ###.....     47%         4    #####..
 Airstrike                Air            #.........   95%         4    #####..
 Animate Dead             Necr           N/A          95%         4    #####..
 Cause Fear               Hex            #.........   95%         4    #####..
 Leda's Liquefaction      Hex/Erth       #.........   95%         4    #####..
 Lightning Bolt           Conj/Air       #.........   99%         5    ######.
 Borgnjor's Vile Clutch   Necr/Erth      #.........   100%        5    ######.
 Death Channel            Necr           #.........   100%        6    #######
 Simulacrum               Ice/Necr       ###.......   100%        6    #######


Dungeon Overview and Level Annotations

Branches:
Dungeon (9/15)             Temple (1/1) D:4
   Lair: D:8-11         Orc: D:9-12

Altars:
Ashenzari
Cheibriados
Dithmenos
Elyvilon
Fedhas
Gozag
Hepliaklqana
Kikubaaqudgha
Makhleb
Nemelex Xobeh
Okawaru
Qazlal
Ru
Sif Muna
Trog
Uskayaw
Vehumet
Wu Jian
Xom
Yredelemnul
Zin
The Shining One

Shops:
D:4 }   D:8 !

Annotations:
D:9 Harold


Innate Abilities, Weirdness & Mutations

You are small and have problems with some larger weapons.
You are carnivorous and can eat meat at any time.


Message History

The boomerang hits you!
The weapon returns to the orc warrior!
Your ice beast hits the orc warrior but does no damage. 2 orcs come into view.
The orc warrior closely misses you.
Your ice beast closely misses the orc warrior.
The orc warrior barely misses you.
Your ice beast hits the orc warrior but does no damage.
Your leather armour prevents you from hitting the orc warrior.
You hit the orc warrior but do no damage.
The orc warrior is poisoned.
The orc warrior hits you with a +0 glaive!
* * * LOW HITPOINT WARNING * * *
Your ice beast closely misses the orc warrior.
Unknown command.
You closely miss the orc warrior.
Unknown command.
Your ice beast hits the orc warrior but does no damage.
The orc warrior hits you from afar with a +0 glaive!!
You die...
Kikubaaqudgha rasps: "You have failed me!
Welcome... death!"

##+##............#
###...##...........#
##.#.K@.'....)......#
##..#....'...........#
#...# ##.............
#...# #.oo.........##
#...# ##.oP........#
#...# #..Y.........#
#...######@.........#
#......)))..........
##.....<รท)<.....#...
##.....##.....##...
############## .


You could see an orc warrior, 2 orcs and a friendly ice beast.

Vanquished Creatures
  A two-headed ogre (D:8)
  A manticore (D:9)
  Joseph (D:7)
  Menkaure (D:7)
  A hungry ghost (D:7)
  A phantom (D:5)
  A sky beast (D:3)
  A black bear (D:6)
  5 ogres
  5 centaurs
  A big kobold (D:8)
  Blork the orc (D:6)
  3 bullfrogs (D:6)
  A scorpion (D:9)
  8 killer bees
  2 howler monkeys
  6 crimson imps
  A bullfrog zombie (D:5)
  A gnoll shaman (D:7)
  4 orc priests
  A bullfrog skeleton (D:6)
  3 hounds
  Natasha (thrice) (D:3)
  5 orc wizards
  6 worker ants
  A hound skeleton (D:5)
  14 gnolls
  6 adders
  A shadow imp (D:8)
  An adder skeleton (D:9)
  3 worms
  2 dart slugs (D:2)
  6 leopard geckos
  24 orcs
  7 bats
  6 giant cockroaches
  8 goblins
  4 hobgoblins
  8 jackals
  16 kobolds
  6 quokkas
  3 ball pythons
  5 frilled lizards
  A leopard gecko skeleton (D:6)
  2 leopard gecko zombies
  8 rats
196 creatures vanquished.

Vanquished Creatures (collateral kills)
  A gargoyle (D:8)
1 creature vanquished.

Grand Total: 197 creatures vanquished

Notes
Turn   | Place    | Note
-------+----------+-------------------------------------------
     0 | D:1      | Bram the Kobold Ice Elementalist began the quest for the
                  | Orb.
     0 | D:1      | Reached XP level 1. HP: 10/10 MP: 3/3
   125 | D:1      | Reached skill level 1 in Fighting
   177 | D:1      | Reached XP level 2. HP: 15/16 MP: 0/5
   599 | D:1      | Found a glowing golden altar of the Shining One.
   603 | D:1      | Learned a level 2 spell: Throw Frost
   709 | D:1      | Reached XP level 3. HP: 23/23 MP: 2/6
  1280 | D:2      | Found a faded altar of an unknown god.
  1302 | D:2      | Reached XP level 4. HP: 24/28 MP: 0/7
  1728 | D:2      | Learned a level 3 spell: Ozocubu's Armour
  2247 | D:3      | Reached skill level 1 in Short Blades
  2247 | D:3      | Reached XP level 5. HP: 33/33 MP: 1/8
  2326 | D:3      | Found a basalt altar of Yredelemnul.
  2328 | D:3      | Found a radiant altar of Vehumet.
  2330 | D:3      | Found an iron altar of Okawaru.
  2601 | D:3      | Reached skill level 2 in Short Blades
  3022 | D:3      | Noticed Natasha
  3030 | D:3      | Killed Natasha
  3030 | D:3      | Reached skill level 3 in Short Blades
  3030 | D:3      | Reached XP level 6. HP: 37/38 MP: 9/9
  3263 | D:3      | Noticed a sky beast
  3301 | D:3      | Killed a sky beast
  3324 | D:3      | Reached skill level 4 in Short Blades
  3609 | D:3      | Noticed Natasha
  3619 | D:3      | Killed Natasha
  3776 | D:3      | Noticed Natasha
  3787 | D:3      | Killed Natasha
  3800 | D:3      | Found a radiant altar of Vehumet.
  3802 | D:3      | Found a basalt altar of Yredelemnul.
  3802 | D:3      | Found an iron altar of Okawaru.
  4235 | D:4      | Found a hide-covered altar of Uskayaw.
  4235 | D:4      | Noticed a +0 hand axe
  4235 | D:4      | Noticed a +0 dagger
  4336 | D:4      | Reached skill level 5 in Ice Magic
  4336 | D:4      | Reached XP level 7. HP: 29/43 MP: 10/10
  4344 | D:4      | Reached skill level 5 in Short Blades
  4739 | D:4      | Reached skill level 6 in Short Blades
  5138 | D:4      | Found Docamec's Gadget Shoppe.
  5164 | D:4      | Found a staircase to the Ecumenical Temple.
  5173 | Temple   | Entered the Ecumenical Temple
  5426 | Temple   | Became a worshipper of Kikubaaqudgha
  5967 | D:4      | Found a bloodstained altar of Trog.
  6033 | D:5      | Entered Level 5 of the Dungeon
  6086 | D:5      | Reached skill level 7 in Short Blades
  6199 | D:5      | Reached XP level 8. HP: 26/48 MP: 11/11
  6255 | D:5      | Reached skill level 8 in Short Blades
  6264 | D:5      | Paralysed by a gnoll for 5 turns
  6346 | D:5      | Paralysed by a gnoll for 4 turns
  6703 | D:5      | Reached skill level 9 in Short Blades
  6794 | D:5      | Reached * piety under Kikubaaqudgha
  6794 | D:5      | Identified Kikubaaqudgha's Collected Works on Black Rituals
                  | (Kikubaaqudgha gifted it to you on level 5 of the Dungeon)
  6794 | D:5      | Received a gift from Kikubaaqudgha
  6803 | D:5      | Learned a level 4 spell: Summon Ice Beast
  6870 | D:6      | Reached skill level 1 in Summonings
  7344 | D:6      | Noticed Blork the orc
  7366 | D:6      | Killed Blork the orc
  7366 | D:6      | Reached skill level 10 in Short Blades
  7527 | D:6      | Reached XP level 9. HP: 48/52 MP: 12/12
  8343 | D:6      | Found a sacrificial altar of Ru.
  8344 | D:6      | Found a shimmering blue altar of Sif Muna.
  8628 | D:7      | Reached skill level 11 in Short Blades
  9213 | D:7      | Reached skill level 5 in Summonings
 10059 | D:7      | Noticed Menkaure
 10073 | D:7      | Killed Menkaure
 10471 | D:7      | Found an ornate altar of the Wu Jian Council.
 10620 | D:8      | Noticed Joseph
 11309 | D:7      | Reached skill level 12 in Short Blades
 11682 | D:8      | Reached XP level 10. HP: 29/56 MP: 13/13
 12084 | D:8      | Found Napadoj's Distillery.
 12092 | D:8      | Bought a potion of heal wounds for 55 gold pieces
 12092 | D:8      | Bought a potion of curing for 33 gold pieces
 12323 | D:8      | Noticed a two-headed ogre
 12854 | D:8      | Killed a two-headed ogre
 12854 | D:8      | Reached skill level 5 in Dodging
 13134 | D:8      | Noticed a gargoyle
 13188 | D:8      | Killed a gargoyle
 13775 | D:7      | Killed Joseph
 14094 | D:8      | Reached ** piety under Kikubaaqudgha
 14293 | D:9      | Noticed a manticore
 14309 | D:9      | Killed a manticore
 14562 | D:9      | Noticed Harold
 14703 | D:9      | Slain by an orc warrior

Levels and vault maps discovered:
D:1:      co_arrival_square_in_a_square_in_a_square, layout_loops_ring,
          minmay_misc_feat_secret_circle, minmay_large_rounded_square, tso_altar
D:2:      layout_loops_ring, chequers_ecumenical_altar_simple,
          minmay_split_cup_small
D:3:      layout_basic, grunt_temple_overflow_diamond, first_ration,
          uniq_natasha
D:4:      layout_cave_pools, lemuel_coloured_pillars_altar,
          dancing_weapons_uskayaw, minmay_temple_entry_crystal_x, serial_shops,
          kennysheep_little_box, wad_floor_pattern_untrapped
D:5:      layout_rooms, minmay_holes
D:6:      layout_loops_corners, minitemple, minmay_pentangle, uniq_blork_the_orc
D:7:      layout_basic, lemuel_round_altar, uniq_menkaure
D:8:      layout_basic, serial_shops, shop, uniq_joseph
D:9:      wad_guarded_room, layout_rooms, ebering_ghost_xom, blue_anna_alchemist
          [blue_anna_fruit_fields, blue_anna_fruit_fields],
          minmay_misc_feat_columns, uniq_erolcha, uniq_harold
Temple:   nicolae_temple_figure_eight

Skill      XL: |  1  2  3  4  5  6  7  8  9 10 |
---------------+-------------------------------+-----
Fighting       | 1 3 4 |  4.0
Short Blades   | 1 3 4 7 10 12 | 12.0
Ice Magic      | 4 5 6 |  6.9
Summonings     | 3 6 7 |  7.6
Dodging        | 3 6 |  6.1
Stealth        | |  2.6
Spellcasting   | |  2.1
Conjurations   | |  1.0

Action                   |  1- 3 |  4- 6 |  7- 9 | 10-12 || total
-------------------------+-------+-------+-------+-------++-------
Melee: Unarmed           |     2 |       |       |       ||     2
       Dagger            |     1 |     5 |       |       ||     6
       Short sword       |       |    83 |   497 |   139 ||   719
Throw: Stone             |       |       |     1 |       ||     1
       Dart              |       |       |       |     6 ||     6
 Cast: Freeze            |    50 |    45 |    12 |       ||   107
       Throw Frost       |       |     4 |     1 |       ||     5
       Summon Ice Beast  |       |       |       |     9 ||     9
Evoke: Wand              |       |       |       |     3 ||     3
  Use: Scroll            |       |       |    14 |     1 ||    15
       Potion            |       |       |     2 |     1 ||     3
 Stab: Sleeping          |       |     3 |     2 |       ||     5
  Eat: Chunk             |    10 |    10 |    26 |    18 ||    64
Armor: Robe              |    10 |     8 |       |       ||    18
       Ring mail         |       |     4 |    92 |     3 ||    99
       Leather armour    |       |       |       |     7 ||     7
Dodge: Dodged            |    28 |    81 |   215 |    69 ||   393
